 Dungeon Crawl Stone Soup version 0.24-a0-307-gf989941 (webtiles) character file.

Game seed: 11730434334457218276

105 galech the Skirmisher (level 4, -2/37 HPs)
             Began as a Demonspawn Fighter on May 13, 2019.
             Killed by divine providence
             ... invoked by an orc priest
              (10 damage)
             ... on level 3 of the Dungeon.
             The game lasted 00:02:10 (2306 turns).

galech the Skirmisher (Demonspawn Fighter)          Turns: 2306, Time: 00:02:10

Health: -2/37      AC: 13    Str: 16    XL:     4   Next: 53%
Magic:  0/4        EV:  4    Int: 10    God:
Gold:   151        SH:  9    Dex: 13    Spells: 3/3 levels left

rFire    . . .     SeeInvis .   a - +0 war axe
rCold    . . .     Gourm    .   c - +0 shield
rNeg     . . .     Faith    .   j - +0 chain mail
rPois    .         Spirit   +   u - +1 helmet
rElec    .         Reflect  .   (no cloak)
rCorr    .         Harm     .   (no gloves)
MR       +....                  (no boots)
Stlth    ..........             (no amulet)
HPRegen  0.12/turn              o - +2 ring of protection
MPRegen  0.09/turn              s - ring of protection from magic

@: no status effects
A: claws 1, magic shield
a: no special abilities


You were on level 3 of the Dungeon.
You were not hungry.

You visited 1 branch of the dungeon, and saw 3 of its levels.

You collected 151 gold pieces.

Inventory:

Hand Weapons
 a - a +0 war axe (weapon)
Armour
 c - a +0 shield (worn)
 j - a +0 chain mail (worn)
 u - a +1 helmet (worn)
Jewellery
 o - a +2 ring of protection (left claw)
 s - a ring of protection from magic (right claw)
Wands
 t - a wand of flame (20)
Scrolls
 b - 3 scrolls of fear {unknown}
 g - 2 scrolls of remove curse {unknown}
 h - a scroll of noise {unknown}
 i - a scroll of magic mapping {unknown}
 k - 3 scrolls of fog {unknown}
 l - a scroll of identify {unknown}
 p - a scroll of teleportation {unknown}
Potions
 d - 2 potions of might
 e - 6 potions of curing {unknown}
 m - 2 potions of flight {unknown}
 n - a potion of haste {unknown}
 q - a potion of heal wounds {unknown}
 r - a potion of cancellation {unknown}
Comestibles
 f - 6 rations


   Skills:
 + Level 3.6 Fighting
 + Level 2.6 Axes
 + Level 3.4 Armour
 + Level 0.1 Dodging
 + Level 3.2 Shields


You had 3 spell levels left.
You didn't know any spells.
Your spell library was empty.

Dungeon Overview and Level Annotations

Branches:
Dungeon (3/15)

Altars:
Ashenzari
The Shining One


Innate Abilities, Weirdness & Mutations

You have sharp fingernails.
When hurt, damage is shared between your health and your magic reserves.


Message History

You closely miss the orc priest.
The orc priest hits you but does no damage. x2
You closely miss the orc priest. You block the orc priest's attack.
You hit the orc priest.
The orc priest is moderately wounded.
The orc priest hits you but does no damage. x2
You closely miss the orc priest.
The orc priest is moderately wounded.
The orc priest hits you but does no damage.
You closely miss the orc priest.
The orc priest is moderately wounded.
The orc priest invokes the aid of Beogh against you.
Beogh smites you!
* * * LOW HITPOINT WARNING * * *
The orc priest completely misses you.
You barely miss the orc priest.
The orc priest is moderately wounded.
The orc priest calls down the wrath of Beogh upon you.
Beogh smites you!
You die...

#..##........#.......
#..##.......###.###.#
#...#.#....## ##.##.#
..#+##....(##..## ##...#
..P.............## ##.##.#
........########.###.###.#
#.#####.# ##.#.## #..
#.##########(## #.#
#..@ooo...#### #.#
#..######.# #.# #..# #..
#..# ... ####


You could see an orc priest and 2 orcs.

Vanquished Creatures
  Robin (D:2)
  A gnoll (D:1)
  2 adders (D:2)
  A worm (D:2)
  An orc (D:3)
  8 bats
  2 giant cockroaches
  6 goblins
  10 hobgoblins
  7 jackals (D:1)
  2 quokkas (D:2)
  A ball python (D:1)
  5 frilled lizards
  7 kobolds
  5 rats
59 creatures vanquished.

Notes
Turn   | Place    | Note
-------+----------+-------------------------------------------
     0 | D:1      | galech the Demonspawn Fighter began the quest for the Orb.
     0 | D:1      | Reached XP level 1. HP: 18/18 MP: 1/1
   101 | D:1      | Gained mutation: You have sharp fingernails. [demonic
                  | ancestry]
   101 | D:1      | Reached XP level 2. HP: 13/24 MP: 2/2
   559 | D:1      | Gained mutation: When hurt, damage is shared between your
                  | health and your magic reserves. [demonic ancestry]
   559 | D:1      | Reached XP level 3. HP: 16/29 MP: 3/3
  1790 | D:2      | Noticed Robin
  1794 | D:2      | Reached XP level 4. HP: 32/35 MP: 2/4
  1807 | D:2      | Killed Robin
  2087 | D:2      | Found a glowing golden altar of the Shining One.
  2092 | D:2      | Found a shattered altar of Ashenzari.
  2306 | D:3      | Killed from afar by an orc priest

Levels and vault maps discovered:
D:1:      nicolae_arrival_washed_ashore, layout_loops_ring
D:2:      layout_loops_ring, minitemple, minmay_stone_trees_small,
          grunt_ministairs_4, uniq_robin
D:3:      layout_loops_ring, tgw_trog, corexii_shack

Skill      XL: |  1  2  3 |
---------------+----------+-----
Axes           | 2 |  2.6
Armour         | 3 |  3.4
Shields        | 3 |  3.2
Fighting       | |  3.6
Dodging        | |  0.1

Action                   |  1- 3 |  4- 6 || total
-------------------------+-------+-------++-------
Melee: War axe           |   179 |    49 ||   228
  Eat: Chunk             |     3 |     2 ||     5
Armor: Scale mail        |    41 |       ||    41
       Chain mail        |    90 |    54 ||   144
Dodge: Dodged            |    55 |    14 ||    69
Block: Shield            |    99 |    43 ||   142

Table legend:
 A = Non-vault XP
 B = Vault XP
 C = Vault XP percentage of total XP
 D = Non-vault monster count
 E = Vault monster count
 F = Vault count percentage of total count
                 A         B        C        D         E       F
            +---------+---------+-------+---------+---------+-------
      Total |     114 |      36 |  24.0 |      47 |      12 |  20.3
            +---------+---------+-------+---------+---------+-------
        D:1 |      58 |       0 |   0.0 |      29 |       0 |   0.0
        D:2 |      52 |      36 |  40.9 |      16 |      12 |  42.9
        D:3 |       4 |       0 |   0.0 |       2 |       0 |   0.0
            +---------+---------+-------+---------+---------+-------
